 Dungeon Crawl Stone Soup version 0.17-a0-484-g0e03f6a (webtiles) character file.

2257 Ololoev the Gusty (level 8, -20/59 HPs)
             Began as a Demigod Wanderer on Apr 10, 2015.
             Killed from afar by an orc (29 damage)
             ... with a wand of lightning
             ... on level 9 of the Dungeon.
             The game lasted 00:35:15 (10230 turns).

Ololoev the Gusty (Demigod Wanderer)               Turns: 10230, Time: 00:35:16

Health: -20/59     AC:  6    Str: 16    XL:     8   Next: 93%
Magic:  1/17       EV: 10    Int: 24    God:
Gold:   154        SH:  0    Dex: 16    Spells: 5 memorised, 4 levels left

rFire  . . .     SeeInvis +     l - +1 spear
rCold  . . .     Clarity  .     x - +0 ring mail (curse)
rNeg   . . .     SustAb   +     (no shield)
rPois  .         Gourm    .     (no helmet)
rElec  .         Spirit   .     (no cloak)
rCorr  .         Warding  .     w - -3 pair of gloves of Edathel {MR- Int+3 Dex+3 SInv}
rMut   +         Stasis   .     t - +1 pair of boots
MR     .....                    j - amulet of resist mutation
Stlth  +.........               (no ring)
                                n - ring of flight

@: very slightly contaminated, not resistant to hostile enchantments, very
unstealthy
A: high mp 1, sustain abilities
a: Evoke Flight


Innate Abilities, Weirdness & Mutations

You have an increased reservoir of magic (+10% MP).
Your attributes are resistant to harm.

Inventory:

Hand weapons
 l - a +1 spear (weapon)
Armour
 d - a +0 robe
 h - a +1 pair of gloves
 t - a +1 pair of boots (worn)
 w - the -3 pair of gloves of Edathel (worn) {MR- Int+3 Dex+3 SInv}
   (You bought it in a shop on level 6 of the Dungeon)

   It affects your intelligence (+3).
   It affects your dexterity (+3).
   It affects your resistance to hostile enchantments.
   It enhances your eyesight.
 x - a cursed +0 ring mail (worn)
Jewellery
 j - an amulet of resist mutation (around neck)
 n - a ring of flight (left hand)
Magical devices
 o - a wand of cold (0)
Scrolls
 b - a scroll of enchant weapon
 g - a scroll of magic mapping
 m - 3 scrolls of teleportation
 s - a scroll of enchant armour
 y - a scroll of summoning {unknown}
Potions
 e - 3 potions of heal wounds
 i - a potion of invisibility
 p - a potion of brilliance
 q - 2 potions of curing
 r - 2 potions of haste
 v - a potion of degeneration {unknown}
 z - 2 potions of poison {unknown}
Books
 a - a book of Minor Magic

   Spells                             Type                      Level
   a - Magic Dart                     Conjuration                  1
   b - Blink                          Translocation                2
   c - Call Imp                       Summoning                    2
   d - Repel Missiles                 Charms/Air                   2
   e - Slow                           Hexes                        2
   f - Conjure Flame                  Conjuration/Fire             3
   g - Mephitic Cloud                 Conjuration/Poison/Air       3
 k - a book of the Sky

   Spells                             Type                      Level
   a - Flight                         Charms/Air                   3
   b - Airstrike                      Air                          4
   c - Silence                        Hexes/Air                    5
   d - Deflect Missiles               Charms/Air                   6
   e - Conjure Ball Lightning         Conjuration/Air              6
   f - Tornado                        Air                          9
Comestibles
 c - 2 slices of pizza
 f - 7 bread rations
 u - a meat ration


   Skills:
 - Level 1.0 Fighting
   Level 1.7 Maces & Flails
 + Level 4.8 Polearms
 * Level 3.7 Armour
 - Level 1.0 Stealth
 + Level 4.0 Spellcasting
 + Level 4.3 Conjurations
   Level 1.7 Hexes
 - Level 2.5 Summonings
 - Level 1.6 Translocations
 * Level 5.5 Air Magic
   Level 1.0 Earth Magic
 - Level 1.0 Evocations


You had 4 spell levels left.
You knew the following spells:

 Your Spells              Type           Power        Failure   Level  Hunger
a - Magic Dart            Conj           ####         3%          1    None
b - Call Imp              Summ           ###.....     12%         2    #......
c - Blink                 Tloc           N/A          14%         2    #......
d - Mephitic Cloud        Conj/Pois/Air  ###.....     17%         3    ##.....
e - Conjure Flame         Conj/Fire      ###.....     24%         3    ##.....


You were on level 9 of the Dungeon.
You were not hungry.

You visited 1 branch of the dungeon, and saw 8 of its levels.

You collected 391 gold pieces.
You spent 237 gold pieces at shops.

....# ... ....#
........ . #####
..>..... ##. #
......... .. . #
#...∩....# .. .#
#........# .##.. .
#........# ... ...
#.......'###.#......
## #.()))@o...>...
.#
.#####..)[.###......
.# .......).).# .##
.# .........(..#####
.# .......†(.......#
## ........##......#
....... #†.....#
....... #†...).#
....... #......#

Notes
Turn   | Place    | Note
--------------------------------------------------------------
     0 | D:1      | Ololoev, the Demigod Wanderer, began the quest for the Orb.
     0 | D:1      | Ololoev set off with: a book of Minor Magic, a +0 mace, a potion of lignification, a +0 robe, a bread ration
     0 | D:1      | Reached XP level 1. HP: 16/16 MP: 5/5
     2 | D:1      | Learned a level 1 spell: Magic Dart
    82 | D:1      | Reached skill level 1 in Conjurations
   459 | D:1      | Reached XP level 2. HP: 20/23 MP: 7/7
  1446 | D:1      | Reached skill level 2 in Conjurations
  1626 | D:1      | Reached XP level 3. HP: 14/28 MP: 3/8
  1646 | D:1      | Learned a level 2 spell: Call Imp
  2033 | D:2      | Reached skill level 1 in Summonings
  2222 | D:2      | Reached skill level 1 in Polearms
  2283 | D:2      | Learned a level 2 spell: Blink
  2473 | D:2      | Reached XP level 4. HP: 30/35 MP: 4/9
  2635 | D:2      | Noticed Ijyb
  2681 | D:2      | Killed Ijyb
  2681 | D:2      | Reached skill level 1 in Translocations
  3745 | D:3      | Found a white marble altar of Elyvilon.
  3763 | D:3      | Reached XP level 5. HP: 40/40 MP: 10/10
  3912 | D:3      | Noticed Terence
  3935 | D:3      | Killed Terence
  4587 | D:3      | Noticed Grinder
  4643 | D:3      | Paralysed by Grinder for 5 turns
  4682 | D:3      | Killed Grinder
  4682 | D:3      | Reached XP level 6. HP: 34/47 MP: 1/13
  4771 | D:3      | Found a basalt altar of Yredelemnul.
  4869 | D:3      | Reached skill level 3 in Spellcasting
  4976 | D:3      | Found a sacrificial altar of Ru.
  4981 | D:3      | Learned a level 3 spell: Mephitic Cloud
  5054 | D:3      | Reached skill level 1 in Air Magic
  5083 | D:4      | Found a blossoming altar of Fedhas.
  5427 | D:4      | Learned a level 3 spell: Conjure Flame
  5889 | D:4      | Found a shimmering altar of Xom.
  5890 | D:4      | Found a shadowy altar of Dithmenos.
  5913 | D:4      | Reached XP level 7. HP: 38/52 MP: 5/14
  6957 | D:5      | Entered Level 5 of the Dungeon
  7507 | D:5      | Found Xuifaro's Armour Boutique.
  8214 | D:6      | Found Baucke Poxo's Antique Armour Emporium.
  8309 | D:6      | Bought a pair of scorched gloves for 237 gold pieces
  8319 | D:6      | Identified the -3 pair of gloves of Edathel {MR- Int+3 Dex+3 SInv} (You bought it in a shop on level 6 of the Dungeon)
  8368 | D:6      | Reached skill level 4 in Polearms
  8678 | D:6      | Noticed Edmund
  8768 | D:6      | Killed Edmund
  8768 | D:6      | Reached XP level 8. HP: 51/59 MP: 4/16
  8960 | D:6      | Noticed a centaur skeleton
  8961 | D:6      | Found a shattered altar of Ashenzari.
  8972 | D:6      | Killed a centaur skeleton
  9022 | D:6      | HP: 2/59 [poisoned by a kobold]
  9028 | D:6      | HP: 1/59 [poisoned by a kobold]
  9036 | D:6      | HP: 1/59 [poisoned by a kobold]
  9495 | D:6      | Noticed a centaur skeleton
  9504 | D:6      | Killed a centaur skeleton
  9504 | D:6      | Reached skill level 5 in Air Magic
  9810 | D:6      | Found a staircase to the Ecumenical Temple.
  9946 | D:7      | You fall through a shaft for 2 floors!
 10128 | D:9      | Noticed a gargoyle
 10193 | D:9      | Found Kumufimn's Weapon Emporium.
 10200 | D:9      | Found a staircase to the Orcish Mines.
 10230 | D:9      | Killed from afar by an orc

Dungeon Overview and Level Annotations

Branches:
Dungeon (9/15)             Temple (0/1) D:6             Orc (0/4) D:9
   Lair: D:8-11

Shops:
D:5 [   D:6 [   D:9 (


Message History

Okay, then.
Unknown command.
Unknown command.
Attack whom?
Press: ? - help, Dir - move target cursor, f - orc
Aim: an orc, wielding a trident and wearing a leather armour You reach to attack!
You closely miss the orc.
The orc zaps a wand.
The bolt of lightning hits you!
It is a wand of lightning.
Attack whom?
Press: ? - help, Dir - move target cursor, f/p - orc
Aim: an orc, wielding a trident, wearing a leather armour and carrying a wand of lightning {zapped: 1}
Okay, then.
Evoke which item? (* to show all) (? for menu, Esc to quit)
Zapping:
o - a wand of cold {zapped: 4} (will waste charges)
Press: ? - help, Shift-Dir - straight line, f/p - orc
Aim: an orc, wielding a trident, wearing a leather armour and carrying a wand of lightning {zapped: 1} Nothing appears to happen.
The orc hits you but does no damage.
Evoke which item? (* to show all) (? for menu, Esc to quit)
Okay, then.
Casting: Mephitic Cloud
Confirm with . or Enter, or press ? or * to list all spells.
Aiming: Mephitic Cloud
Press: ? - help, Shift-Dir - straight line, f/p - orc
Aim: an orc, wielding a trident, wearing a leather armour and carrying a wand of lightning {zapped: 1} You miscast Mephitic Cloud.
You are very lightly contaminated with residual magic.
You feel faint for a moment. The orc barely misses you.
Casting: Mephitic Cloud
Confirm with . or Enter, or press ? or * to list all spells.
Aiming: Mephitic Cloud
Press: ? - help, Shift-Dir - straight line, f/p - orc
Aim: an orc, wielding a trident, wearing a leather armour and carrying a wand of lightning {zapped: 1} You miscast Mephitic Cloud.
You feel momentarily weightless.
The orc hits you from afar with a trident.
The orc zaps a wand.
The bolt of lightning misses you.
You barely miss the orc. The orc barely misses you.
Drink which item? (? for menu, Esc to quit)
You feel much better.
The orc zaps a wand.
The bolt of lightning hits you!
You closely miss the orc.
The orc zaps a wand.
The bolt of lightning hits you!
You die...

You could see an orc.

Vanquished Creatures
  3 centaur skeletons (D:6)
  Edmund (D:6)
  A sky beast (D:9)
  A phantom (D:6)
  3 ogres
  An orc warrior (D:9)
  A big kobold (D:9)
  A giant frog (D:9)
  3 killer bees (D:4)
  A goliath beetle (D:6)
  2 hounds
  An orc wizard (D:9)
  2 giant frog skeletons
  4 iguanas
  Ijyb (D:2)
  3 worker ants
  Terence (D:3)
  4 gnolls
  12 adders
  A worm (D:2)
  An adder skeleton (D:4)
  2 oozes (D:1)
  7 orcs
  10 bats
  5 giant cockroaches
  14 hobgoblins
  2 quokkas
  4 giant geckos
  5 giant newts
  A giant spore (D:9)
  A gnoll zombie (D:3)
  19 goblins
  23 kobolds
  14 rats
  2 ballistomycetes
157 creatures vanquished.

Vanquished Creatures (collateral kills)
  Grinder (D:3)
  A killer bee (D:4)
  2 gnolls (D:3)
  An adder (D:2)
  A worm (D:1)
  A gnoll zombie (D:3)
  2 hobgoblins (D:2)
9 creatures vanquished.

Vanquished Creatures (others)
  A scorpion (D:9)
  An iron imp (D:3)
  A worker ant (D:9)
  3 white imps (D:3)
  A giant spore (D:6)
7 creatures vanquished.

Grand Total: 173 creatures vanquished

Action                   |  1- 3 |  4- 6 |  7- 9 || total
-------------------------+-------+-------+-------++-------
Melee: Mace              |    67 |       |       ||    67
       Spear             |    61 |   271 |   361 ||   693
 Cast: Magic Dart        |    27 |     6 |     7 ||    40
       Call Imp          |     7 |    14 |     2 ||    23
       Mephitic Cloud    |       |     8 |    20 ||    28
       Blink             |       |     2 |       ||     2
       Conjure Flame     |       |       |    19 ||    19
Evoke: Wand              |       |       |     2 ||     2
  Use: Scroll            |     5 |     3 |     3 ||    11
       Potion            |     1 |     4 |     1 ||     6
 Stab: Sleeping          |     4 |     2 |     1 ||     7
       Distracted        |       |     1 |     1 ||     2
       Confused          |       |     1 |    14 ||    15
  Eat: Chunk             |     6 |    12 |    13 ||    31
       Royal jelly       |       |       |     1 ||     1
       Meat ration       |       |       |     1 ||     1
       Beef jerky        |       |       |     1 ||     1

Vault maps used:
D:1:      noname_arrival_rooms_in_the_neighbourhood, minmay_unequal
D:2:      serial_park_square1, uniq_iyjb
D:3:      kennysheep_the_goblin_king, elyvilon_altar_5,
          lemuel_zombie_altar_yredelemnul, grunt_ministairs_5,
          serial_bayou_pond_d, nicolae_ru_the_path_less_chosen, uniq_grinder,
          uniq_terence
D:4:      overflow_temple_1_default, nicolae_overflow_hidden_temple
D:5:      serial_shops, shop, first_bread, minmay_holes
D:6:      cheibrodos_ashenzari_chains, minmay_temple_entry_overgrown,
          serial_shops, shop, uniq_edmund
D:7:      lemuel_blue_sif_altar, lightli_orcish_oven
D:9:      orc_david_3
